 Dungeon Crawl Stone Soup version 0.29.0-11-gd7f09526c8 (webtiles) character file.

Game seed: 2513389498019067374

1324 RascalDebosk the Shooter (level 8, 0/68 HPs)
             Began as a Minotaur Hunter on Sept 4, 2022.
             Slain by a hornet (8 damage)
             ... on level 6 of the Dungeon.
             The game lasted 00:44:04 (4436 turns).

RascalDebosk the Shooter (Minotaur Hunter)          Turns: 4436, Time: 00:44:05

Health: 0/68       AC: 16    Str: 16    XL:     8   Next: 33%
Magic:  7/7        EV: 13    Int:  6    God:
Gold:   39         SH:  0    Dex: 16    Spells: 7/7 levels left

rFire   . . .      SeeInvis .   a - +3 shortbow
rCold   . . .      Faith    .   (shield currently unavailable)
rNeg    . . .      Spirit   .   w - +5 ring mail
rPois   .          Reflect  .   (helmet restricted)
rElec   .          Harm     .   (no cloak)
rCorr   .          Rampage  .   f - +0 pair of gloves
Will    .....                   (no boots)
Stlth   +.........              l - amulet of regeneration
HPRegen 1.01/turn               p - +4 ring of protection
MPRegen 0.10/turn               (no ring)

@: slowed, very slow
A: horns 2, retaliatory headbutt
a: no special abilities


You were on level 6 of the Dungeon.
You visited 1 branch of the dungeon, and saw 6 of its levels.

You collected 256 gold pieces.
You spent 217 gold pieces at shops.

Inventory:

Hand Weapons
 a - a +3 shortbow (weapon)
 A - a +0 quarterstaff
Armour
 f - a +0 pair of gloves (worn)
 w - a +5 ring mail (worn)
Jewellery
 l - an amulet of regeneration (around neck)
 p - a +4 ring of protection (left hand)
Wands
 v - a wand of mindburst (9)
 y - a wand of roots (8)
 z - a wand of paralysis (2)
Scrolls
 b - 4 scrolls of immolation
 e - a scroll of teleportation
 m - a scroll of brand weapon {unknown}
 n - a scroll of enchant armour
 o - 2 scrolls of poison
 B - a scroll of vulnerability
Potions
 d - a potion of brilliance
 h - a potion of berserk rage {unknown}
 i - a potion of cancellation
 j - 2 potions of attraction {unknown}
 k - a potion of magic {unknown}
 q - a potion of flight {unknown}
 t - 2 potions of resistance
 x - a potion of lignification {unknown}


   Skills:
 + Level 5.3 Fighting
 + Level 6.3 Ranged Weapons
 + Level 4.7 Armour
 + Level 5.0 Dodging
 - Level 0.7 Stealth
 * Level 5.2 Evocations


You had 7 spell levels left.
You didn't know any spells.
Your spell library contained the following spells:

 Spells                   Type           Power      Damage    Failure   Level
 Beastly Appendage        Tmut           0%         N/A       65%         1
 Wereblood                Tmut           0%         N/A       80%         2
 Call Canine Familiar     Summ           0%         N/A       95%         3
 Frozen Ramparts          Ice            0%         1d1       95%         3
 Portal Projectile        Hex/Tloc       0%         N/A       95%         3
 Spider Form              Tmut/Pois      0%         N/A       95%         3
 Ice Form                 Ice/Tmut       0%         N/A       100%        4
 Leda's Liquefaction      Hex/Erth       0%         N/A       100%        4
 Summon Ice Beast         Ice/Summ       0%         N/A       100%        4


Dungeon Overview and Level Annotations

Branches:
Dungeon (6/15)
 Temple: D:4-7

Altars:
Cheibriados
Dithmenos
Elyvilon
Hepliaklqana
Makhleb
Ru
Sif Muna
Trog
Yredelemnul
Zin
The Shining One

Shops:
D:4 ?


Innate Abilities, Weirdness & Mutations

You have a pair of horns on your head.
You reflexively headbutt those who attack you in melee.


Message History

Aim: a hornet (moderately wounded, 57% to hit)
You shoot an arrow. The arrow closely misses the hornet.
You feel very sick. The hornet closely misses you. The hornet stings you!
You feel as though you will be slow longer.
The hornet barely misses you.
Fire: a) +3 shortbow
Press: ? - help, Q - select action, (/) - cycle Shift-Dir - straight line, f/p - hornet
Aim: a hornet (moderately wounded, 57% to hit)
You shoot an arrow. The arrow hits the hornet.
The hornet is heavily wounded.
You feel very sick.
The hornet stings you but does no damage.
The hornet closely misses you. The hornet misses you.
Fire: a) +3 shortbow
Press: ? - help, Q - select action, (/) - cycle Shift-Dir - straight line, f/p - hornet
Aim: a hornet (heavily wounded, 57% to hit)
You shoot an arrow. The arrow hits the hornet.
The hornet is severely wounded.
You feel sick. The hornet stings you!
* * * LOW HITPOINT WARNING * * *
You feel as though you will be slow longer.
The hornet closely misses you. The hornet misses you.
Fire: a) +3 shortbow
Press: ? - help, Q - select action, (/) - cycle Shift-Dir - straight line, f/p - hornet
Aim: a hornet (severely wounded, 57% to hit)
You shoot an arrow.
The arrow hits the hornet but does no damage.
The hornet is severely wounded.
You feel sick. The hornet barely misses you.
The hornet stings you but does no damage. x2
Fire: a) +3 shortbow
Press: ? - help, Q - select action, (/) - cycle Shift-Dir - straight line, f/p - hornet
Aim: a hornet (severely wounded, 57% to hit)
You shoot an arrow. The arrow barely misses the hornet.
You feel sick.
You are no longer poisoned.
The hornet stings you but does no damage.
The hornet stings you!
You die...

....#####.........#
.##...# ####(###...
.###..## #.# #.# ##
#...#####.# #.#
#.#...)...# #.#
#.#####.<.###.# #.#
#.#..##.# #..
#.##.##.# . .#.
..##.##@###...# .
#.###....y.....# .
.. #..#.#.#..##
.......##>#... #
......##.. ##.#
#.#........# .. #
##.......# .
#####.... #....


You could see a hornet.

Vanquished Creatures
  Eustachio (D:6)
  4 black bears
  A centaur (D:5)
  An ogre (D:4)
  3 phantoms
  A scorpion (D:5)
  4 jellies
  A hound (D:6)
  An iguana (D:4)
  An orc wizard (D:4)
  5 adders
  A gnoll (D:1)
  3 shadow imps
  An ufetubus (D:4)
  A worm (D:5)
  3 dart slugs
  16 orcs
  4 bats
  9 endoplasms
  4 giant cockroaches
  5 hobgoblins
  5 kobolds
  A quokka (D:3)
  A ball python (D:4)
  3 frilled lizards
  A goblin (D:2)
  7 rats
88 creatures vanquished.

Vanquished Creatures (others)
  2 plants (D:2)
2 creatures vanquished.

Grand Total: 90 creatures vanquished

Notes
Turn   | Place    | Note
-------+----------+-------------------------------------------
     0 | D:1      | RascalDebosk the Minotaur Hunter began the quest for the
                  | Orb.
     0 | D:1      | Reached XP level 1. HP: 18/18 MP: 0/0
    14 | D:1      | Reached XP level 2. HP: 8/25 MP: 1/1
   353 | D:1      | You fall into a shaft and drop 1 floor!
   376 | D:2      | Reached skill level 1 in Armour
   382 | D:2      | Reached skill level 1 in Evocations
   383 | D:2      | Reached XP level 3. HP: 14/30 MP: 2/2
  1282 | D:3      | Reached XP level 4. HP: 35/38 MP: 3/3
  1674 | D:3      | Found a hazy altar of Hepliaklqana.
  1723 | D:3      | Found a burning altar of Makhleb.
  1781 | D:3      | Found a glowing silver altar of Zin.
  1783 | D:3      | Found a white marble altar of Elyvilon.
  1784 | D:3      | Found a glowing golden altar of the Shining One.
  1966 | D:3      | Found a sacrificial altar of Ru.
  2193 | D:4      | Found a snail-covered altar of Cheibriados.
  2311 | D:4      | Reached XP level 5. HP: 45/45 MP: 4/4
  2312 | D:4      | Noticed an ogre
  2356 | D:4      | Killed an ogre
  2357 | D:4      | Reached skill level 5 in Ranged Weapons
  2632 | D:4      | Noticed a phantom
  2646 | D:4      | Killed a phantom
  2647 | D:4      | Reached XP level 6. HP: 47/52 MP: 5/5
  2687 | D:4      | Found a basalt altar of Yredelemnul.
  2902 | D:4      | Found a shimmering blue altar of Sif Muna.
  3237 | D:4      | Found a shadowy altar of Dithmenos.
  3312 | D:4      | Found Hafecenk's Magic Scroll Shop.
  3315 | D:4      | Bought a scroll of enchant weapon for 105 gold pieces
  3315 | D:4      | Bought a scroll of vulnerability for 56 gold pieces
  3315 | D:4      | Bought a scroll of identify for 28 gold pieces
  3315 | D:4      | Bought a scroll of identify for 28 gold pieces
  3506 | D:5      | Entered Level 5 of the Dungeon
  3711 | D:5      | Reached XP level 7. HP: 51/59 MP: 6/6
  4258 | D:6      | Reached skill level 6 in Ranged Weapons
  4258 | D:6      | Reached XP level 8. HP: 66/67 MP: 7/7
  4263 | D:6      | Reached skill level 5 in Fighting
  4288 | D:6      | Found a bloodstained altar of Trog.
  4316 | D:6      | Reached skill level 5 in Evocations
  4393 | D:6      | Noticed Eustachio
  4409 | D:6      | Killed Eustachio
  4410 | D:6      | Reached skill level 5 in Dodging
  4421 | D:6      | Noticed a hornet
  4422 | D:6      | Paralysed by a hornet for 1 turns
  4428 | D:6      | Paralysed by a hornet for 1 turns
  4436 | D:6      | Slain by a hornet

Illustrated notes

Levels and vault maps discovered:
D:1:      reono_arrival_mine, layout_basic, feat_on_display
D:2:      layout_basic, serial_bayou_pond_b
D:3:      layout_basic, good_gods_temple_1, mainiacjoe_overflow_catwalk,
          nicolae_ru_great_annihilating_truth,
          worldfamousw_hep_ancestral_shrine, minmay_misc_feat_iff
D:4:      layout_basic, nicolae_overflow_crystal_walls,
          mainiacjoe_overflow_paths, mainiacjoe_overflow_chevrons,
          mainiacjoe_overflow_concentric_impassable, serial_shops, shop
D:5:      layout_cave_pods
D:6:      layout_rooms, mainiacjoe_overflow_alcove_1,
          mainiacjoe_overflow_small_starburst, minmay_misc_feat_square,
          uniq_eustachio

Skill      XL: |  1  2  3  4  5  6  7  8 |
---------------+-------------------------+-----
Armour         | 1 2 3 4 |  4.7
Evocations     | 1 2 3 4 5 |  5.2
Fighting       | 3 4 5 |  5.3
Dodging        | 3 4 5 |  5.0
Ranged Weapons | 5 6 |  6.3
Stealth        | |  0.7

Action                   |  1- 3 |  4- 6 |  7- 9 || total
-------------------------+-------+-------+-------++-------
 Fire: Shortbow          |    69 |   163 |   100 ||   332
Evoke: Wand              |       |       |     5 ||     5
  Use: Scroll            |       |    16 |       ||    16
       Potion            |       |       |     2 ||     2
Armor: Leather armour    |     7 |     8 |       ||    15
       Ring mail         |       |    35 |    68 ||   103
Dodge: Dodged            |    18 |    80 |    70 ||   168
